[Event "ICC tourney 2180 (40 10)"]
[Site "Internet Chess Club"]
[Date "2020.12.06"]
[Round "1"]
[White "Andre2011"]
[Black "shawnchicken"]
[Result "0-1"]
[ICCResult "White checkmated"]
[WhiteElo "788"]
[BlackElo "1230"]
[Opening "Ruy Lopez: Berlin defense"]
[ECO "C65"]
[NIC "RL.07"]
[Time "11:01:50"]
[PlyCount "36"]
[TimeControl "2400+10"]


1. e4 e5 2. Nf3 Nc6 3. Bb5 Nf6 4. Bxc6 dxc6 5. Nc3 Bd6 6. d3 h6 7. Be3 O-O
8. O-O Bg4 9. h3 Bh5 10. a3 Nd7 11. Rc1 f5 12. Qe1 Bxf3 13. gxf3 f4 14. Bd2
Qh4 15. Kh1 Qxh3+ 16. Kg1 Rf6 17. Bxf4 exf4 18. Qe3 Rg6# { White checkmated
} 0-1

[Event "ICC tourney 2180 (40 10)"]
[Site "Internet Chess Club"]
[Date "2020.12.06"]
[Round "1"]
[White "EricCheng-131"]
[Black "JayAB"]
[Result "1-0"]
[ICCResult "Black checkmated"]
[WhiteElo "1228"]
[BlackElo "666"]
[Opening "Petrov's defense"]
[ECO "C42"]
[NIC "RG.03"]
[Time "11:01:40"]
[PlyCount "65"]
[TimeControl "2400+10"]


1. e4 e5 2. Nf3 Nf6 3. Nxe5 Nc6 4. Nxc6 dxc6 5. Nc3 Bc5 6. Be2 h5 7. h3 Qd4
8. O-O Ng4 9. hxg4 hxg4 10. Bxg4 Qf6 11. Bxc8 Rxc8 12. Qg4 Rh4 13. Qxc8+
Ke7 14. Qxc7+ Ke6 15. d3 Qg6 16. Qc8+ Kf6 17. Qf5+ Qxf5 18. exf5 Bd6 19.
Ne4+ Ke5 20. Nxd6 Kxd6 21. Bg5 Rh5 22. f4 f6 23. g4 Rh4 24. Bxh4 Ke7 25.
Bxf6+ gxf6 26. g5 Kf7 27. g6+ Kg7 28. Rae1 b5 29. Re7+ Kf8 30. g7+ Kg8 31.
Rf2 c5 32. Rh2 b4 33. Rh8# { Black checkmated } 1-0

[Event "ICC tourney 2180 (40 10)"]
[Site "Internet Chess Club"]
[Date "2020.12.06"]
[Round "1"]
[White "thanhcaptures"]
[Black "MiahG"]
[Result "1-0"]
[ICCResult "Black checkmated"]
[WhiteElo "1197"]
[BlackElo "389"]
[Opening "Giuoco Piano: Aitken variation"]
[ECO "C54"]
[NIC "IG.02"]
[Time "11:01:41"]
[PlyCount "53"]
[TimeControl "2400+10"]


1. e4 e5 2. Nf3 Nc6 3. Bc4 Bc5 4. c3 Nf6 5. d4 exd4 6. cxd4 Bb4+ 7. Nc3
Nxe4 8. O-O Nxc3 9. bxc3 Bxc3 10. Ba3 Bxa1 11. Re1+ Ne7 12. Rxe7+ Qxe7 13.
Bxe7 Kxe7 14. Qxa1 c6 15. Qe1+ Kd8 16. Ng5 Kc7 17. Qa5+ b6 18. Qe5+ d6 19.
Qe7+ Kb8 20. Nxf7 Rg8 21. Qxd6+ Kb7 22. Nd8+ Rxd8 23. Qxd8 a6 24. d5 c5 25.
Qe7+ Kb8 26. d6 h6 27. Qc7# { Black checkmated } 1-0

[Event "ICC tourney 2180 (40 10)"]
[Site "Internet Chess Club"]
[Date "2020.12.06"]
[Round "1"]
[White "Alex2009"]
[Black "andrewj508"]
[Result "0-1"]
[ICCResult "White checkmated"]
[WhiteElo "856"]
[BlackElo "1270"]
[Opening "Four knights: Spanish, classical defense"]
[ECO "C48"]
[NIC "KP.03"]
[Time "11:01:50"]
[PlyCount "108"]
[TimeControl "2400+10"]


1. e4 e5 2. Nf3 Nc6 3. Nc3 Nf6 4. Bb5 Bc5 5. d3 d6 6. Bxc6+ bxc6 7. Bg5 h6
8. Bxf6 Qxf6 9. O-O O-O 10. Qd2 Qg6 11. Rfe1 Bg4 12. Qe2 Rab8 13. Rab1 Rfe8
14. h3 Bxf3 15. Qxf3 Re6 16. Rbd1 Rf6 17. Qe2 Qg3 18. Rf1 Rxb2 19. Qg4
Bxf2+ 20. Kh1 Qxg4 21. hxg4 Rxc2 22. Nb1 Rxa2 23. Nd2 Ra3 24. Nc4 Rc3 25.
Rd2 Bd4 26. Rxf6 gxf6 27. Kh2 d5 28. exd5 cxd5 29. Nb2 Be3 30. Rd1 d4 31.
Rf1 Kg7 32. Kg3 Bf4+ 33. Kf3 Rc2 34. Nc4 Rc3 35. Ke4 Rc2 36. Ra1 Rxg2 37.
Rxa7 Rxg4 38. Rxc7 Be3+ 39. Kf3 Rf4+ 40. Ke2 Rf2+ 41. Ke1 Ra2 42. Nxe3 dxe3
43. Rc4 f5 44. d4 exd4 45. Rxd4 Kg6 46. Kd1 Kg5 47. Kc1 e2 48. Rd1 exd1=Q+
49. Kxd1 h5 50. Kc1 h4 51. Kb1 Rg2 52. Kc1 h3 53. Kd1 h2 54. Ke1 h1=Q# {
White checkmated } 0-1

[Event "ICC tourney 2180 (40 10)"]
[Site "Internet Chess Club"]
[Date "2020.12.06"]
[Round "1"]
[White "SGOLD9367"]
[Black "FabulousRocket"]
[Result "1-0"]
[ICCResult "Black checkmated"]
[WhiteElo "1338"]
[BlackElo "1106"]
[Opening "Giuoco Piano: four knights variation"]
[ECO "C50"]
[NIC "IG.02"]
[Time "11:01:42"]
[PlyCount "59"]
[TimeControl "2400+10"]


1. e4 e5 2. Nf3 Nc6 3. Bc4 Bc5 4. Nc3 Nf6 5. a3 d6 6. h3 O-O 7. O-O h6 8.
d3 Be6 9. Nd5 a6 10. Be3 Bxd5 11. exd5 Nd4 12. c3 Nf5 13. Qd2 Bxe3 14. fxe3
Ne7 15. e4 c6 16. dxc6 bxc6 17. Nh4 d5 18. exd5 cxd5 19. Ba2 d4 20. Rae1
Qb6 21. Kh1 Nh5 22. Rf3 dxc3 23. Qxc3 Nc6 24. Ng6 Nd4 25. Ne7+ Kh7 26. Rxf7
Rxf7 27. Bxf7 Ra7 28. Bg6+ Kh8 29. Qc8+ Qd8 30. Qxd8# { Black checkmated }
1-0

[Event "ICC tourney 2180 (40 10)"]
[Site "Internet Chess Club"]
[Date "2020.12.06"]
[Round "1"]
[White "solveur"]
[Black "collywog"]
[Result "1-0"]
[ICCResult "Black checkmated"]
[WhiteElo "1319"]
[BlackElo "1079"]
[Opening "QGD: Chigorin defense, Janowski variation"]
[ECO "D20"]
[NIC "QG.03"]
[Time "11:01:42"]
[PlyCount "151"]
[TimeControl "2400+10"]


1. d4 d5 2. c4 dxc4 3. Nc3 Nc6 4. Nf3 e5 5. d5 Nce7 6. Nxe5 Nf6 7. e4 c6 8.
Bxc4 cxd5 9. exd5 Qc7 10. d6 Qc5 11. Bxf7+ Kd8 12. dxe7+ Kxe7 13. Nd5+ Nxd5
14. Qxd5 Kf6 15. Qf3+ Kxe5 16. Bf4+ Kf6 17. Bd6+ Qf5 18. Bxf8 Qxf3 19. gxf3
Rxf8 20. Bb3 h6 21. O-O-O Kg6 22. Bc2+ Kf7 23. Rhg1 Kg8 24. Rd6 Rxf3 25.
Rxh6 Rxf2 26. Rhg6 Kf7 27. Rxg7+ Kf6 28. R1g6+ Ke5 29. Re7+ Kd5 30. Be4+
Kd4 31. Rd6+ Kc5 32. Rd8 Rf1+ 33. Kd2 Rf2+ 34. Kc3 Re2 35. Ree8 Re3+ 36.
Kd2 Rh3 37. Rxc8+ Rxc8 38. Rxc8+ Kd4 39. Bxb7 Rxh2+ 40. Kc1 Kd3 41. a4 Rh7
42. Ba6+ Kd4 43. Rd8+ Kc5 44. Bb5 Kb4 45. Rd4+ Kc5 46. Rc4+ Kb6 47. Rc6+
Ka5 48. Kc2 Rh2+ 49. Kb3 Rh3+ 50. Rc3 Rh4 51. Ka3 a6 52. Bd7 Kb6 53. Rc6+
Kb7 54. Rf6 Kc7 55. Be8 a5 56. Rf5 Kd8 57. Bf7 Ke7 58. b3 Rh2 59. Bc4 Kd6
60. Rxa5 Kc6 61. b4 Rh3+ 62. Bb3 Kb6 63. Rf5 Ka6 64. Rf6+ Kb7 65. b5 Kc7
66. Kb4 Rh4+ 67. Bc4 Kb7 68. a5 Ka7 69. Rf7+ Kb8 70. b6 Rh6 71. Kc5 Rh5+
72. Bd5 Kc8 73. a6 Rh2 74. b7+ Kb8 75. Rf8+ Ka7 76. Ra8# { Black checkmated
} 1-0

[Event "ICC tourney 2180 (40 10)"]
[Site "Internet Chess Club"]
[Date "2020.12.06"]
[Round "1"]
[White "bscaccia"]
[Black "brawnykazoo"]
[Result "1-0"]
[ICCResult "Black resigns"]
[WhiteElo "1386"]
[BlackElo "1132"]
[Opening "Four knights: Italian variation"]
[ECO "C55"]
[NIC "IG.01"]
[Time "11:01:52"]
[PlyCount "63"]
[TimeControl "2400+10"]


1. e4 e5 2. Nf3 Nc6 3. Bc4 Nf6 4. Nc3 Nxe4 5. Nxe4 d5 6. Bb5 dxe4 7. Bxc6+
bxc6 8. Nxe5 Qg5 9. Nxc6 Qxg2 10. Rf1 Ba6 11. d3 Bc8 12. Qe2 Bh3 13. Bf4
Qxf1+ 14. Qxf1 Bxf1 15. Kxf1 exd3 16. cxd3 Bd6 17. Re1+ Kd7 18. Ne5+ Kc8
19. Nxf7 Rf8 20. Nxd6+ cxd6 21. Bxd6 Rd8 22. Rc1+ Kb7 23. Be5 Rac8 24. Rxc8
Kxc8 25. d4 g6 26. h4 Kd7 27. d5 Ke7 28. d6+ Ke6 29. f4 Kf5 30. Kf2 Kg4 31.
Ke3 Kxh4 32. Bf6+ { Black resigns } 1-0

[Event "ICC tourney 2180 (40 10)"]
[Site "Internet Chess Club"]
[Date "2020.12.06"]
[Round "1"]
[White "lerui"]
[Black "adma2028"]
[Result "1-0"]
[ICCResult "Black checkmated"]
[WhiteElo "1161"]
[BlackElo "1420"]
[Opening "Giuoco Piano"]
[ECO "C50"]
[NIC "IG.02"]
[Time "11:01:38"]
[PlyCount "89"]
[TimeControl "2400+10"]


1. e4 e5 2. Nf3 Nc6 3. Bc4 Bc5 4. O-O Nf6 5. Nc3 d6 6. h3 Qe7 7. d3 h6 8.
a3 a6 9. b4 Ba7 10. Bb2 Be6 11. Nd5 Bxd5 12. exd5 Nb8 13. Re1 O-O 14. Qd2
Nbd7 15. Bb3 Qd8 16. c4 c6 17. dxc6 bxc6 18. Rac1 c5 19. Bc3 Rb8 20. Rb1
cxb4 21. axb4 Re8 22. Bc2 Qc7 23. Rbc1 Qb7 24. Rb1 e4 25. dxe4 Nxe4 26.
Bxe4 Rxe4 27. Rxe4 Qxe4 28. Rc1 Re8 29. Re1 Qa8 30. Rxe8+ Qxe8 31. Qxd6 Nb6
32. Qd4 f6 33. c5 Na4 34. Bd2 Bb8 35. Be3 Be5 36. Nxe5 Qxe5 37. Qxe5 fxe5
38. c6 Nc3 39. c7 Nb5 40. c8=Q+ Kh7 41. Qf5+ Kh8 42. Qxe5 Kh7 43. Bc5 h5
44. Bf8 h4 45. Qxg7# { Black checkmated } 1-0

[Event "ICC tourney 2180 (40 10)"]
[Site "Internet Chess Club"]
[Date "2020.12.06"]
[Round "1"]
[White "Tomasleo"]
[Black "loonyafternoon"]
[Result "1-0"]
[ICCResult "Black checkmated"]
[WhiteElo "1416"]
[BlackElo "1156"]
[Opening "French: King's Indian attack"]
[ECO "C00"]
[NIC "FR.02"]
[Time "11:01:38"]
[PlyCount "73"]
[TimeControl "2400+10"]


1. e4 e6 2. d3 d5 3. Nd2 Nf6 4. Ngf3 Nc6 5. g3 d4 6. Bg2 e5 7. O-O Be6 8.
a4 Qd7 9. Re1 Bg4 10. Nc4 Bd6 11. Bg5 h6 12. Bxf6 gxf6 13. Qe2 h5 14. Nxd6+
cxd6 15. Qd2 Bxf3 16. Bxf3 h4 17. Reb1 hxg3 18. fxg3 Qh3 19. Qe2 Ke7 20. c3
Rag8 21. Qg2 Qh6 22. c4 Qe3+ 23. Kf1 Qxd3+ 24. Be2 Qe3 25. Ra3 Qg5 26. b4
f5 27. Bf3 fxe4 28. Bxe4 f5 29. h4 Qf6 30. Bxc6 bxc6 31. Qxc6 f4 32. Qb7+
Ke6 33. Qd5+ Ke7 34. gxf4 Qxf4+ 35. Rf3 Qg4 36. Qb7+ Ke6 37. Qf7# { Black
checkmated } 1-0

[Event "ICC tourney 2180 (40 10)"]
[Site "Internet Chess Club"]
[Date "2020.12.06"]
[Round "1"]
[White "nguyencaptures"]
[Black "niftyfountain"]
[Result "0-1"]
[ICCResult "White checkmated"]
[WhiteElo "1124"]
[BlackElo "1368"]
[Opening "Sicilian"]
[ECO "B50"]
[NIC "SI.01"]
[Time "11:01:45"]
[PlyCount "144"]
[TimeControl "2400+10"]


1. e4 c5 2. Nf3 d6 3. c3 Nf6 4. Qc2 Nc6 5. d4 cxd4 6. Nxd4 Bd7 7. Be3 g6 8.
Nd2 Bg7 9. Bc4 Ng4 10. Nxc6 Nxe3 11. fxe3 bxc6 12. O-O-O O-O 13. Rhf1 Qb6
14. Rde1 e6 15. Nf3 d5 16. exd5 cxd5 17. Bb3 a5 18. a4 Rab8 19. Nd2 Bc6 20.
g3 Bh6 21. c4 Bxe3 22. Ba2 dxc4 23. Bxc4 Bd4 24. b3 Bg7 25. Re2 Rbc8 26.
Kd1 Qd4 27. Qa2 Qa1+ 28. Qxa1 Bxa1 29. Kc1 Bg7 30. Ne4 Bxa4 31. bxa4 Rxc4+
32. Kd2 Rxa4 33. Nf6+ Bxf6 34. Rxf6 Ra2+ 35. Kd3 Rxe2 36. Kxe2 a4 37. Rf1
a3 38. Kd2 Ra8 39. Kc2 a2 40. Kb2 Kg7 41. Ra1 Kf6 42. h4 Kf5 43. Rg1 a1=Q+
44. Rxa1 Rxa1 45. Kxa1 Kg4 46. Kb1 Kxg3 47. Kc1 Kxh4 48. Kd1 Kh3 49. Ke1
Kh2 50. Kf1 g5 51. Kf2 g4 52. Kf1 g3 53. Ke2 g2 54. Kf2 g1=Q+ 55. Kf3 Qg2+
56. Ke3 h5 57. Kf4 e5+ 58. Kxe5 f6+ 59. Kxf6 h4 60. Kf5 Kg1 61. Kf4 h3 62.
Ke3 h2 63. Kf4 h1=R 64. Kf5 Rh5+ 65. Kf4 Qa2 66. Kg3 Rb5 67. Kf3 Rb3+ 68.
Ke4 Qa4+ 69. Kd5 Rb5+ 70. Kc6 Qa6+ 71. Kc7 Rb7+ 72. Kc8 Qa8# { White
checkmated } 0-1

[Event "ICC tourney 2180 (40 10)"]
[Site "Internet Chess Club"]
[Date "2020.12.06"]
[Round "1"]
[White "anantybear1"]
[Black "chessfidebullet"]
[Result "1-0"]
[ICCResult "Black checkmated"]
[WhiteElo "1045"]
[BlackElo "1289"]
[Opening "Philidor's defense"]
[ECO "C41"]
[NIC "KP.08"]
[Time "11:01:46"]
[PlyCount "67"]
[TimeControl "2400+10"]


1. e4 e5 2. Nf3 d6 3. d4 Bg4 4. Be2 Nd7 5. dxe5 dxe5 6. Nc3 Ngf6 7. h3 Bh5
8. Bg5 Bb4 9. O-O c6 10. Bxf6 gxf6 11. Qd2 Qc7 12. Rfd1 O-O-O 13. a3 Be7
14. Qh6 Bg6 15. Nh4 Nf8 16. Rxd8+ Qxd8 17. Rd1 Qe8 18. Nxg6 Nxg6 19. Bg4+
Kb8 20. Ne2 Bf8 21. Qd2 Kc7 22. Qd7+ Qxd7 23. Rxd7+ Kb6 24. Rxf7 h5 25. Bf5
Rg8 26. Bxg6 Bxa3 27. bxa3 Rxg6 28. Rh7 Ka5 29. Rxb7 f5 30. Nc3 fxe4 31.
Nxe4 c5 32. c4 Ka6 33. Nxc5+ Ka5 34. Rb5# { Black checkmated } 1-0

[Event "ICC tourney 2180 (40 10)"]
[Site "Internet Chess Club"]
[Date "2020.12.06"]
[Round "1"]
[White "NikiSDKChess"]
[Black "tundrarules"]
[Result "0-1"]
[ICCResult "White checkmated"]
[WhiteElo "627"]
[BlackElo "1227"]
[Opening "Four knights: Italian variation"]
[ECO "C55"]
[NIC "IG.01"]
[Time "11:01:54"]
[PlyCount "122"]
[TimeControl "2400+10"]


1. e4 e5 2. Nf3 Nc6 3. Bc4 Nf6 4. Nc3 Nxe4 5. Nxe4 d5 6. d3 dxc4 7. Nc3
cxd3 8. cxd3 Bf5 9. O-O Qxd3 10. Qxd3 Bxd3 11. Re1 f6 12. Nd5 O-O-O 13. Nc3
Bc5 14. g3 Nd4 15. Nxd4 Bxd4 16. Nd1 Rhe8 17. Be3 Bxe3 18. Nxe3 Be4 19.
Red1 Rxd1+ 20. Rxd1 Rd8 21. Rxd8+ Kxd8 22. h4 Bf3 23. g4 Ke7 24. h5 Ke6 25.
Kh2 Bd5 26. Nf5 g6 27. Ne3 Bxa2 28. hxg6 hxg6 29. Kh3 g5 30. Nf5 Bb1 31.
Ng7+ Kf7 32. Nh5 a5 33. Ng3 Kg6 34. Kg2 b5 35. Ne2 b4 36. Nc1 Bc2 37. Na2
c5 38. Kf1 a4 39. Nc1 a3 40. bxa3 bxa3 41. Na2 Bb3 42. Nc1 Bc4+ 43. Ke1 a2
44. Nxa2 Bxa2 45. Kd2 c4 46. Kc3 Bb3 47. f3 f5 48. gxf5+ Kxf5 49. Kb2 Kf4
50. Kc3 Kxf3 51. Kb2 g4 52. Kc1 g3 53. Kd2 g2 54. Kc3 g1=Q 55. Kb4 Qe1+ 56.
Kc5 Qe3+ 57. Kb4 Qb6+ 58. Kc3 e4 59. Kd2 Qd4+ 60. Ke1 Qe3+ 61. Kf1 Qf2# {
White checkmated } 0-1

[Event "ICC tourney 2180 (40 10)"]
[Site "Internet Chess Club"]
[Date "2020.12.06"]
[Round "1"]
[White "cdj12417489"]
[Black "jksaini76"]
[Result "0-1"]
[ICCResult "White resigns"]
[WhiteElo "1268"]
[BlackElo "811"]
[Opening "Philidor's defense"]
[ECO "C41"]
[NIC "KP.10"]
[Time "11:01:48"]
[PlyCount "76"]
[TimeControl "2400+10"]


1. e4 e5 2. Nf3 d6 3. Bb5+ c6 4. Ba4 Be7 5. c3 Nf6 6. Bc2 O-O 7. O-O Nbd7
8. d4 exd4 9. cxd4 Qc7 10. Nc3 a6 11. a4 b6 12. Qd3 Bb7 13. Re1 Nh5 14. e5
g6 15. Ng5 Bxg5 16. Bxg5 dxe5 17. dxe5 Nxe5 18. Qd4 Rae8 19. Bh6 c5 20. Qh4
Qc6 21. Ne4 c4 22. f3 b5 23. Bxf8 Rxf8 24. g4 Nxf3+ 25. Kg2 Nxh4+ 26. Kh3
Nf3 27. Re3 Ng5+ 28. Kh4 Nxe4 29. Bxe4 Qf6+ 30. Kh3 Bxe4 31. gxh5 Qf5+ 32.
Kg3 Qg5+ 33. Kf2 Qf4+ 34. Ke2 Bd3+ 35. Kd2 Qxh2+ 36. Kc3 Qxh5 37. Rxd3 cxd3
38. Kxd3 Qd5+ { White resigns } 0-1

[Event "ICC tourney 2180 (40 10)"]
[Site "Internet Chess Club"]
[Date "2020.12.06"]
[Round "1"]
[White "Dhruti813kob36"]
[Black "ztraynor"]
[Result "1-0"]
[ICCResult "Black resigns"]
[WhiteElo "1457"]
[BlackElo "1178"]
[Opening "Caro-Kann: classical, 6.h4"]
[ECO "B18"]
[NIC "CK.12"]
[Time "11:01:39"]
[PlyCount "75"]
[TimeControl "2400+10"]


1. e4 c6 2. d4 d5 3. Nc3 dxe4 4. Nxe4 Bf5 5. Ng3 Bg6 6. h4 h6 7. h5 Bh7 8.
Nf3 Nd7 9. Bd3 Bxd3 10. Qxd3 e6 11. Bf4 Ngf6 12. O-O-O Qb6 13. c4 c5 14. d5
exd5 15. Rhe1+ Kd8 16. cxd5 Bd6 17. Bxd6 Qxd6 18. Kb1 Re8 19. Rxe8+ Kxe8
20. Nf5 Qf8 21. Qb5 Rb8 22. Re1+ Kd8 23. Ne7 a6 24. Qa5+ b6 25. Qxa6 Kc7
26. Qa7+ Kd6 27. Qa4 Rc8 28. Qf4+ Ne5 29. Qxe5+ Kd7 30. Qf5+ Kc7 31. Qxc8+
Qxc8 32. Nxc8 Kxc8 33. Re7 Nxd5 34. Rxf7 b5 35. Rxg7 Nf4 36. g4 Nd3 37. g5
hxg5 38. h6 { Black resigns } 1-0

[Event "ICC tourney 2180 (40 10)"]
[Site "Internet Chess Club"]
[Date "2020.12.06"]
[Round "1"]
[White "auggie29"]
[Black "wojowhiskey"]
[Result "1/2-1/2"]
[ICCResult "Game drawn because neither player has mating material"]
[WhiteElo "1095"]
[BlackElo "1335"]
[Opening "Sicilian: Canal-Sokolsky (Nimzovich-Rossolimo, Moscow) attack"]
[ECO "B51"]
[NIC "SI.01"]
[Time "11:01:48"]
[PlyCount "159"]
[TimeControl "2400+10"]


1. e4 c5 2. Nf3 d6 3. Bb5+ Nd7 4. d4 a6 5. Bxd7+ Bxd7 6. c3 c4 7. Be3 Nf6
8. Nbd2 b5 9. Bg5 g6 10. O-O Bg7 11. Qe2 O-O 12. Rfe1 Bg4 13. h3 Bc8 14.
Rad1 Bb7 15. e5 dxe5 16. dxe5 Nd5 17. e6 f6 18. Be3 Nxe3 19. Qxe3 f5 20.
Nxc4 Qc7 21. Nb6 Rad8 22. Nd7 Rfe8 23. Nfe5 Be4 24. Nf7 Rc8 25. f3 Bb7 26.
Rd3 Qc4 27. Nb6 Qxa2 28. Nxc8 Rxc8 29. Red1 Qxb2 30. Rd8+ Rxd8 31. Rxd8+
Bf8 32. Nh6+ Kg7 33. Qe5+ Kxh6 34. Rxf8 Qc1+ 35. Kh2 Qd2 36. Qg3 Kh5 37.
Rf7 h6 38. h4 Qxc3 39. Qh3 Qe5+ 40. Qg3 Qxe6 41. Qh3 Qe5+ 42. Qg3 Qe6 43.
Rg7 Qf6 44. Rg8 Bd5 45. Rc8 b4 46. Rc5 Qd4 47. Ra5 b3 48. Rxa6 e6 49. Qe1
b2 50. Qe2 Bc4 51. g4+ fxg4 52. fxg4+ Qxg4 53. Ra5+ Bd5 54. Qxg4+ Kxg4 55.
Rb5 Kxh4 56. Rxb2 Kg4 57. Rb4+ Kf3 58. Rh4 h5 59. Rh3+ Kf2 60. Rg3 Be4 61.
Rg1 Bf5 62. Rg2+ Kf3 63. Rg3+ Kf4 64. Kg2 Bg4 65. Kf2 h4 66. Ra3 e5 67. Ra6
Kf5 68. Ra5 g5 69. Ke3 h3 70. Ra2 Kg6 71. Ke4 Bf5+ 72. Kxe5 g4 73. Ra6+ Kg5
74. Rf6 Bd3 75. Rf8 h2 76. Rg8+ Kh4 77. Kf4 Kh3 78. Rh8+ Kg2 79. Rxh2+ Kxh2
80. Kxg4 { Game drawn because neither player has mating material } 1/2-1/2

[Event "ICC tourney 2180 (40 10)"]
[Site "Internet Chess Club"]
[Date "2020.12.06"]
[Round "1"]
[White "Anushkaa"]
[Black "awesomehead5"]
[Result "0-1"]
[ICCResult "White resigns"]
[WhiteElo "1272"]
[BlackElo "938"]
[Opening "Giuoco Pianissimo"]
[ECO "C50"]
[NIC "IG.02"]
[Time "11:01:44"]
[PlyCount "88"]
[TimeControl "2400+10"]


1. e4 e5 2. Nf3 Nc6 3. Bc4 Bc5 4. d3 Nf6 5. O-O h6 6. c3 a5 7. Re1 O-O 8.
d4 exd4 9. cxd4 Bb4 10. Bd2 d5 11. exd5 Nxd5 12. a3 Bxd2 13. Qxd2 Bg4 14.
Ne5 Bf5 15. Nxc6 bxc6 16. Nc3 Nb6 17. Be2 Re8 18. Bf3 Nc4 19. Rxe8+ Qxe8
20. Qc1 Rd8 21. b3 Nb6 22. Qd2 c5 23. d5 c4 24. b4 axb4 25. axb4 Qe5 26.
Rd1 Nc8 27. Qd4 Qxd4 28. Rxd4 Re8 29. h3 Re1+ 30. Kh2 Nd6 31. g4 Bg6 32.
Bd1 Rf1 33. Kg2 Re1 34. Ba4 Bd3 35. Bc6 Rc1 36. Na2 Rc2 37. Kf3 Rxa2 38.
Ke3 Bf1 39. h4 c3 40. Rd1 Nc4+ 41. Kf3 Nd2+ 42. Ke3 Nc4+ 43. Kf3 Be2+ 44.
Kg2 Bxd1 { White resigns } 0-1

[Event "ICC tourney 2180 (40 10)"]
[Site "Internet Chess Club"]
[Date "2020.12.06"]
[Round "1"]
[White "jsustarsic"]
[Black "GalaxyToast"]
[Result "1-0"]
[ICCResult "Black resigns"]
[WhiteElo "1151"]
[BlackElo "1387"]
[Opening "QGD: Tartakower (Makagonov-Bondarevsky) system"]
[ECO "D58"]
[NIC "QO.10"]
[Time "11:01:44"]
[PlyCount "91"]
[TimeControl "2400+10"]


1. d4 d5 2. c4 e6 3. Nc3 Be7 4. Nf3 Nf6 5. Bg5 h6 6. Bh4 O-O 7. e3 b6 8.
Bd3 dxc4 9. Bxc4 Ba6 10. Bxa6 Nxa6 11. Ne5 Nb8 12. Qf3 Na6 13. Nc6 Qd7 14.
O-O Nd5 15. Nxe7+ Nxe7 16. Ne4 Ng6 17. Bg3 Qd5 18. a3 f5 19. Nd2 Qxf3 20.
Nxf3 c5 21. Ne5 Nxe5 22. Bxe5 cxd4 23. Bxd4 Nc7 24. Rac1 Rac8 25. Rc6 Nb5
26. Rxe6 Nxd4 27. exd4 Rfe8 28. Rxe8+ Rxe8 29. Rd1 Re2 30. b3 Ra2 31. a4
Rb2 32. Kf1 Rxb3 33. d5 Kf8 34. Rd4 Ke7 35. f3 Kd6 36. Kf2 g5 37. Kg3 Kc5
38. d6 h5 39. h3 f4+ 40. Kh2 g4 41. hxg4 hxg4 42. d7 Kxd4 43. d8=Q+ Ke3 44.
fxg4 Rb2 45. Qe7+ Kf2 46. Qe4 { Black resigns } 1-0

[Event "ICC tourney 2180 (40 10)"]
[Site "Internet Chess Club"]
[Date "2020.12.06"]
[Round "2"]
[White "JayAB"]
[Black "MiahG"]
[Result "1-0"]
[ICCResult "Black checkmated"]
[WhiteElo "666"]
[BlackElo "389"]
[Opening "Grünfeld: exchange variation"]
[ECO "D85"]
[NIC "GI.03"]
[Time "13:16:32"]
[PlyCount "25"]
[TimeControl "2400+10"]


1. d4 Nf6 2. c4 g6 3. Nc3 d5 4. cxd5 Nxd5 5. Nf3 Nxc3 6. bxc3 Bg7 7. Bd2
O-O 8. Qc1 Nc6 9. Bh6 Bxh6 10. Qxh6 Qd5 11. Ng5 Rd8 12. Qxh7+ Kf8 13. Qh8#
{ Black checkmated } 1-0

[Event "ICC tourney 2180 (40 10)"]
[Site "Internet Chess Club"]
[Date "2020.12.06"]
[Round "2"]
[White "brawnykazoo"]
[Black "collywog"]
[Result "0-1"]
[ICCResult "White resigns"]
[WhiteElo "1132"]
[BlackElo "1079"]
[Opening "French: advance, Paulsen attack"]
[ECO "C02"]
[NIC "FR.03"]
[Time "13:17:28"]
[PlyCount "42"]
[TimeControl "2400+10"]


1. e4 e6 2. d4 d5 3. e5 c5 4. c3 Nc6 5. Nf3 Qb6 6. a3 Nh6 7. b4 cxd4 8.
cxd4 Nf5 9. Bb2 Be7 10. Bd3 Bd7 11. Bxf5 exf5 12. O-O O-O 13. Nbd2 f6 14.
Re1 fxe5 15. dxe5 Rfe8 16. Qc2 Rac8 17. Qd3 Bxb4 18. Qxd5+ Be6 19. Qd3 Bc5
20. Bd4 Nxd4 21. Nxd4 Bxd4 { White resigns } 0-1

[Event "ICC tourney 2180 (40 10)"]
[Site "Internet Chess Club"]
[Date "2020.12.06"]
[Round "2"]
[White "loonyafternoon"]
[Black "NikiSDKChess"]
[Result "0-1"]
[ICCResult "White checkmated"]
[WhiteElo "1156"]
[BlackElo "627"]
[Opening "Four knights: Rubinstein counter-gambit"]
[ECO "C48"]
[NIC "KP.03"]
[Time "13:17:28"]
[PlyCount "98"]
[TimeControl "2400+10"]


1. e4 e5 2. Nf3 Nc6 3. Bb5 Nf6 4. Nc3 Nd4 5. d3 a6 6. Bc4 b5 7. Bb3 c6 8.
Nxe5 d5 9. Bg5 Bc5 10. exd5 Nxb3 11. axb3 h6 12. Bh4 O-O 13. O-O Qd6 14.
Nxc6 Ng4 15. Qxg4 Bxg4 16. Ne4 Qxd5 17. Be7 Rfe8 18. Bxc5 Qxc6 19. f3 Bf5
20. Bf2 Bxe4 21. fxe4 Re5 22. c3 Rh5 23. Rad1 Qd6 24. Bg3 Qb6+ 25. d4 Rg5
26. Bf2 Qb7 27. d5 f5 28. e5 Rg6 29. Bg3 Rd8 30. c4 bxc4 31. bxc4 Qxb2 32.
Rfe1 Rb8 33. e6 a5 34. e7 Re8 35. d6 Qb6+ 36. Bf2 Qc6 37. g3 Rxd6 38. Rc1
Rd2 39. c5 h5 40. h4 Qf3 41. Rf1 Rxe7 42. c6 Rc7 43. Rc4 Rxc6 44. Rf4 Qd5
45. Rb1 Rd1+ 46. Rxd1 Qxd1+ 47. Kg2 Qd5+ 48. Kg1 Rc1+ 49. Kh2 Qh1# { White
checkmated } 0-1

[Event "ICC tourney 2180 (40 10)"]
[Site "Internet Chess Club"]
[Date "2020.12.06"]
[Round "2"]
[White "thanhcaptures"]
[Black "solveur"]
[Result "0-1"]
[ICCResult "White checkmated"]
[WhiteElo "1197"]
[BlackElo "1319"]
[Opening "Giuoco Piano: Möller (Therkatz) attack"]
[ECO "C54"]
[NIC "IG.02"]
[Time "13:16:58"]
[PlyCount "110"]
[TimeControl "2400+10"]


1. e4 e5 2. Nf3 Nc6 3. Bc4 Bc5 4. c3 Nf6 5. d4 exd4 6. cxd4 Bb4+ 7. Nc3
Nxe4 8. O-O Bxc3 9. d5 Bf6 10. Re1 Ne7 11. Rxe4 d6 12. Qe2 O-O 13. Bg5 Bxg5
14. Nxg5 Ng6 15. Qh5 h6 16. Nh3 Bxh3 17. Qxh3 Qc8 18. Qxc8 Raxc8 19. Rae1
Ne5 20. f4 Nxc4 21. Rxc4 c6 22. dxc6 Rxc6 23. Rxc6 bxc6 24. Re7 a5 25. Kf2
Rb8 26. b3 Rb4 27. Ke3 a4 28. Re4 Rxe4+ 29. Kxe4 axb3 30. axb3 Kf8 31. Kd4
Ke7 32. g4 Ke6 33. h4 f5 34. g5 hxg5 35. hxg5 g6 36. b4 Kd7 37. Kc4 Kc7 38.
b5 cxb5+ 39. Kxb5 Kb7 40. Kc4 Kc6 41. Kd4 d5 42. Ke3 Kc5 43. Kd3 d4 44. Kd2
Kc4 45. Kc2 d3+ 46. Kd1 Kd4 47. Kd2 Ke4 48. Ke1 Ke3 49. Kf1 d2 50. Kg2 d1=Q
51. Kg3 Qf1 52. Kh2 Qf3 53. Kg1 Qe2 54. Kh1 Kf3 55. Kg1 Qg2# { White
checkmated } 0-1